 Dungeon Crawl Stone Soup version 0.28.0-62-gf88900778d (webtiles) character file.

Game seed: 10625620516147965775

7508 cbfl8 the Cleaver (level 10, -2/91 HPs)
             Began as a Minotaur Fighter on May 11, 2023.
             Was an Elder of Elyvilon.
             Slain by an orc warlord
             ... wielding a +0 war axe
              (24 damage)
             ... on level 10 of the Dungeon on May 12, 2023.
             The game lasted 00:14:49 (9573 turns).

cbfl8 the Cleaver (Minotaur Fighter)                Turns: 9573, Time: 00:14:50

Health: -2/91      AC: 14    Str: 21    XL:     10   Next: 95%
Magic:  10/10      EV:  7    Int:  5    God:    Elyvilon [****..]
Gold:   313        SH:  5    Dex: 14    Spells: 9/9 levels left

rFire   . . .      SeeInvis .   a - +2 war axe
rCold   . . .      Faith    .   c - +0 buckler
rNeg    + . .      Spirit   .   o - +0 plate armour
rPois   .          Reflect  .   (helmet restricted)
rElec   .          Harm     .   (no cloak)
rCorr   +          Rampage  .   (no gloves)
Will    .....                   (no boots)
Stlth   ..........              j - amulet of regeneration
HPRegen 1.05/turn               g - ring of positive energy
MPRegen 0.12/turn               e - ring of resist corrosion

@: no status effects
A: horns 2, retaliatory headbutt
a: Renounce Religion, Purification, Heal Other, Heal Self


You were on level 10 of the Dungeon.
You worshipped Elyvilon.
Elyvilon was greatly pleased with you.
You visited 1 branch of the dungeon, and saw 10 of its levels.
You also visited: Bailey.

You collected 510 gold pieces.
You spent 197 gold pieces at shops.

Inventory:

Hand Weapons
 a - a +2 war axe (weapon)
Missiles
 l - a throwing net
Armour
 c - a +0 buckler (worn)
 o - a +0 plate armour (worn)
Jewellery
 b - a ring of ice
 e - a ring of resist corrosion (right hand)
 g - a ring of positive energy (left hand)
 j - an amulet of regeneration (around neck)
Scrolls
 i - 2 scrolls of enchant armour
 m - 4 scrolls of fear
 n - a scroll of immolation
 u - 3 scrolls of noise
 w - a scroll of blinking {unknown}
 x - a scroll of magic mapping {unknown}
 y - a scroll of enchant weapon
Potions
 d - 2 potions of mutation {unknown}
 f - 2 potions of lignification {unknown}
 h - 8 potions of curing
 k - a potion of cancellation {unknown}
 p - 2 potions of brilliance
 q - 2 potions of attraction {unknown}
 r - 2 potions of heal wounds {unknown}
 s - a potion of flight {unknown}
 t - a potion of resistance {unknown}
 v - 2 potions of invisibility {unknown}
 z - a potion of experience


   Skills:
 + Level 9.0 Fighting
 + Level 11.9 Axes
 + Level 9.8 Armour
 + Level 1.2 Dodging
 + Level 1.7 Stealth
 + Level 6.5 Shields
 + Level 1.5 Invocations
 * Level 6.7 Evocations


You had 9 spell levels left.
You didn't know any spells.
Your spell library contained the following spells:

 Spells                   Type           Power      Damage    Failure   Level
 Magic Dart               Conj           0%         1d3       100%        1
 Searing Ray              Conj           0%         2d4       100%        2
 Summon Guardian Golem    Hex/Summ       0%         N/A       100%        3
 Fulminant Prism          Conj/Hex       0%         3d6       100%        4
 Orb of Destruction       Conj           0%         9d5       100%        7
 Spellforged Servitor     Conj/Summ      0%         N/A       100%        7


Dungeon Overview and Level Annotations

Branches:
Dungeon (10/15)            Temple (0/1) D:7            Lair (0/6) D:10
 Bailey (visited)
    Orc: D:9-12

Altars:
Elyvilon
Fedhas
Kikubaaqudgha
Sif Muna

Shops:
D:9 !?

Annotations:
D:4 2 transporters, jjjjhere's ghost, amateur MiAM


Innate Abilities, Weirdness & Mutations

You have a pair of horns on your head.
You reflexively headbutt those who attack you in melee.


Message History

Things that are here:
a +0 war axe; a +0 ring mail; 3 boomerangs
Things that are here:
a +0 war axe; a +0 ring mail; 3 boomerangs
There is an open door, spattered with blood here.
Things that are here:
a +0 war axe; a +0 chain mail You see here a +0 war axe.
There is an open door here.
The goblin shouts!
Things that are here:
a +0 hand axe; a +0 leather armour
Things that are here:
a +0 hand axe; a +0 leather armour
There is an open door here.
There is an open door here.
There is an open translucent gate here.
You enter the shallow water.
Moving in this stuff is going to be slow.
You block the goblin's attack. The goblin hits you with a +0 hand axe.
The goblin hits you with a +0 hand axe.
You see here a scroll of enchant weapon.
y - a scroll of enchant weapon The goblin barely misses you.
You furiously retaliate!
You headbutt the goblin.
You kill the goblin!
The orc warlord hits you with a +0 war axe!!
You see here a potion of experience.
z - a potion of experience The orc warlord hits you with a +0 war axe!!
The orc warlord hits you with a +0 war axe!
There is a gate leading back out of this place here.
The orc warlord hits you with a +0 war axe!!
* * * LOW HITPOINT WARNING * * *
Welcome back to the Dungeon!
There is an empty arch of ancient stone here.
Okay, then.
There is an escape hatch in the floor here.
The orc warlord hits you with a +0 war axe!!
You die...

#..................# .....
#..................# ...≈.
#..................###...≈≈≈
#.........................≈.
#...........................
#...........................
#.........≈≈≈≈≈.............
#.........≈...≈.............
#.........≈@o[(.............
#.........≈...≈(..........≈.
#.........≈≈≈≈≈....###...≈≈≈
#..................# #....≈.
#..................###....).
#...........................
..........................
..........................
#.......................).


You could see an orc warlord.

Vanquished Creatures
  Pikel (D:4)
  A lindwurm (shapeshifter) (D:9)
  A deep elf pyromancer (D:8)
  A centaur zombie (D:10)
  2 trolls (D:9)
  A hornet (D:8)
  A meliai zombie (D:10)
  2 shadows
  4 yaks
  3 steam dragons
  Duvessa (D:7)
  6 orc warriors
  2 ogres (D:6)
  A black bear (D:5)
  2 hornet zombies
  A necrophage (D:4)
  4 centaurs
  A wyvern zombie (D:7)
  2 kobold brigands
  4 scorpions
  A wyvern skeleton (D:6)
  Dowan (D:7)
  3 wights (D:8)
  A howler monkey (D:8)
  2 hounds
  A jelly (D:2)
  2 orc priests
  Jessica (D:2)
  6 orc wizards
  2 iguanas (D:6)
  2 killer bee zombies
  2 hound skeletons (D:4)
  A howler monkey zombie (D:6)
  5 gnolls
  8 adders
  A shadow imp (D:5)
  A white imp (D:7)
  A dart slug (D:1)
  30 orcs
  6 ball pythons
  4 endoplasms
  2 giant cockroaches
  7 hobgoblins
  A quokka (D:2)
  4 bats
  4 frilled lizards
  20 goblins
  25 kobolds
  5 rats
190 creatures vanquished.

Vanquished Creatures (collateral kills)
  Fannar (D:10)
  A centaur zombie (D:10)
2 creatures vanquished.

Vanquished Creatures (others)
  3 fungi (D:4)
  5 plants
  A withered plant (D:3)
9 creatures vanquished.

Grand Total: 201 creatures vanquished

Notes
Turn   | Place    | Note
-------+----------+-------------------------------------------
     0 | D:1      | cbfl8 the Minotaur Fighter began the quest for the Orb.
     0 | D:1      | Reached XP level 1. HP: 19/19 MP: 0/0
   263 | D:1      | Reached XP level 2. HP: 27/27 MP: 1/1
   878 | D:2      | Reached skill level 1 in Evocations
   878 | D:2      | Reached XP level 3. HP: 29/33 MP: 2/2
  1214 | D:2      | Reached skill level 3 in Axes
  1214 | D:2      | Reached XP level 4. HP: 31/41 MP: 3/3
  1344 | D:2      | Noticed Jessica
  1345 | D:2      | Killed Jessica
  1346 | D:2      | Reached skill level 1 in Stealth
  1940 | D:3      | Reached XP level 5. HP: 30/47 MP: 4/4
  2119 | D:3      | Found a faded altar of an unknown god.
  2133 | D:3      | Prayed at the altar of an unknown god.
  2133 | D:3      | Became a worshipper of Elyvilon the Healer
  2133 | D:3      | Reached * piety under Elyvilon
  2668 | D:4      | Noticed a necrophage
  3018 | D:4      | Reached skill level 4 in Axes
  3184 | D:4      | Reached ** piety under Elyvilon
  3188 | D:4      | Found a blossoming altar of Fedhas.
  3210 | D:4      | Reached XP level 6. HP: 55/55 MP: 5/5
  3236 | D:4      | Found a transporter.
  3236 | D:4      | Noticed jjjjhere's ghost (amateur MiAM)
  3237 | D:4      | Identified the +5 great mace of Achuamoph {venom, Str+2
                  | Int+2}
  3301 | D:4      | Found a transporter.
  3449 | D:4      | Noticed Pikel
  3461 | D:4      | Killed Pikel
  3462 | D:4      | Reached skill level 5 in Fighting
  3462 | D:4      | Reached skill level 5 in Axes
  3462 | D:4      | Reached skill level 5 in Armour
  3462 | D:4      | Reached XP level 7. HP: 18/61 MP: 6/6
  3790 | D:4      | Reached skill level 6 in Axes
  3816 | D:4      | Reached skill level 1 in Dodging
  3859 | D:5      | Entered Level 5 of the Dungeon
  4067 | D:5      | Reached XP level 8. HP: 67/70 MP: 7/7
  4174 | D:5      | Reached *** piety under Elyvilon
  4329 | D:5      | Reached skill level 7 in Axes
  4533 | D:4      | Reached skill level 5 in Shields
  4534 | D:4      | Reached skill level 8 in Axes
  5606 | D:6      | Reached XP level 9. HP: 74/78 MP: 8/8
  5675 | D:6      | Reached skill level 9 in Axes
  6643 | D:7      | Found a staircase to the Ecumenical Temple.
  6710 | D:7      | Reached **** piety under Elyvilon
  6722 | D:7      | Noticed Duvessa
  6729 | D:7      | Noticed Dowan
  6737 | D:7      | Killed Duvessa
  6746 | D:7      | Killed Dowan
  6747 | D:7      | Reached skill level 10 in Axes
  6900 | D:7      | Reached skill level 5 in Evocations
  7007 | D:8      | Noticed a deep elf pyromancer
  7306 | D:8      | Found a shimmering blue altar of Sif Muna.
  7315 | D:8      | Paralysed by a hornet for 1 turns
  7614 | D:8      | Killed a deep elf pyromancer
  7615 | D:8      | Reached XP level 10. HP: 57/88 MP: 9/9
  7842 | D:9      | Found Ywkuogh's Magic Scroll Shop.
  7855 | D:9      | Bought a scroll of fear for 56 gold pieces
  7855 | D:9      | Bought a scroll of identify for 32 gold pieces
  7855 | D:9      | Bought a scroll of identify for 32 gold pieces
  7855 | D:9      | Bought a scroll of identify for 32 gold pieces
  7964 | D:9      | Noticed a lindwurm
  7964 | D:9      | a wind drake changed into a lindwurm
  7970 | D:9      | Killed a lindwurm
  7971 | D:9      | Reached skill level 1 in Invocations
  8083 | D:9      | Found an ancient bone altar of Kikubaaqudgha.
  8138 | D:9      | Reached skill level 11 in Axes
  8522 | D:9      | Found Tuerid Xap's Distillery.
  8525 | D:9      | Bought a potion of curing for 45 gold pieces
  8677 | D:10     | Entered Level 10 of the Dungeon
  8708 | D:10     | Noticed a death yak
  8708 | D:10     | Noticed a death yak
  8717 | D:10     | Found a staircase to the Lair.
  8717 | D:10     | Noticed a death yak
  8717 | D:10     | Noticed a death yak
  8717 | D:10     | Noticed a death yak
  8778 | D:10     | Noticed Fannar
  8792 | D:10     | Killed Fannar
  8855 | D:10     | Found a flagged portal.
  8900 | Bailey   | Entered a bailey
  8934 | Bailey   | Noticed an orc warlord
  9195 | Bailey   | Found a runed translucent gate.
  9198 | Bailey   | Found a runed translucent gate.
  9199 | Bailey   | Found a runed translucent gate.
  9573 | D:10     | Slain by an orc warlord

Illustrated notes

Levels and vault maps discovered:
D:1:      dpeg_arrival_radiant, layout_loops_ring, serial_glass,
          glass_columns_c, glass_columns_a
D:2:      layout_basic, uniq_jessica
D:3:      layout_loops_cross, ebering_ecumenical_altar_petrified
D:4:      layout_basic, fedhas_altar_3, gammafunk_ghost_smash, uniq_pikel
D:5:      layout_loops_corners
D:6:      layout_loops_ring, chequers_serial_rivers_micro_c
D:7:      layout_cave_pools, temple_pool_b, uniq_duvessa
D:8:      layout_rooms, lemuel_crystal_altar, serial_glass, glass_columns_b,
          glass_columns_b, glass_columns_a, glass_columns_a, glass_columns_a,
          glass_columns_a, glass_columns_c, glass_columns_b,
          minmay_misc_feat_cross
D:9:      layout_loops_cross, mainiacjoe_overflow_brackets, serial_shops,
          kennysheep_mini_moat, minmay_misc_feat_columns, nicolae_stop_n_shop_2,
          minivault_20
D:10:     layout_big_octagon, nicolae_elyvilon_temple_path, dpeg_lair_monsters,
          enter_bailey_5, uniq_fannar

Skill      XL: |  1  2  3  4  5  6  7  8  9 10 |
---------------+-------------------------------+-----
Armour         | 4 5 7 8 9 |  9.8
Fighting       | 4 5 6 8 9 |  9.0
Evocations     | 1 2 3 4 5 6 |  6.7
Axes           | 3 4 5 6 8 10 11 | 11.9
Stealth        | 1 |  1.7
Shields        | 4 5 6 |  6.5
Dodging        | 1 |  1.2
Invocations    | 1 |  1.5

Action                   |  1- 3 |  4- 6 |  7- 9 | 10-12 || total
-------------------------+-------+-------+-------+-------++-------
Melee: War axe           |    59 |    94 |   232 |   157 ||   542
       Headbutt          |     7 |    10 |    40 |    43 ||   100
Throw: Throwing net      |       |       |     1 |       ||     1
Invok: Heal Self         |       |       |     2 |     3 ||     5
       Purification      |       |       |     1 |       ||     1
Evoke: Wand              |       |       |     5 |       ||     5
  Use: Scroll            |       |     3 |     3 |     8 ||    14
       Potion            |       |       |       |     1 ||     1
Armor: Scale mail        |    29 |    11 |       |       ||    40
       Plate armour      |       |    27 |   153 |   116 ||   296
Dodge: Dodged            |    30 |    32 |    63 |    64 ||   189
Block: Buckler           |     9 |    26 |    69 |    49 ||   153
